 Dungeon Crawl Stone Soup version 0.30-a0-305-g026cb31310 (webtiles) character file.

Game seed: 7278007161331687885

13041 Lanoc the Geomancer (level 11, 0/113 HPs)
             Began as a Troll Earth Elementalist on Oct 22, 2022.
             Was a Follower of Ashenzari.
             Slain by a warg (8 damage)
             ... led by an orc knight
             ... on level 11 of the Dungeon.
             The game lasted 00:24:38 (10577 turns).

Lanoc the Geomancer (Troll Earth Elementalist)     Turns: 10577, Time: 00:24:38

Health: 0/113      AC:  5    Str: 22    XL:     11   Next: 70%
Magic:  7/12       EV:  6    Int: 17    God:    Ashenzari [*.....]
Gold:   593        SH: 26    Dex: 12    Spells: 10/13 levels left

rFire   + . .      SeeInvis .    r - +7 mace of the Cryptic Sky {speed, Str+4 Int+2 Dex+2, Cun, Elem} (curse)
rCold   . . .      Faith    .    A - +18 shield of the Gong {rElec rN+ Will+ EV-5}
rNeg    + + .      Spirit   .    s - +1 robe {Will+}
rPois   .          Reflect  .    (helmet restricted)
rElec   +          Harm     .    (no cloak)
rCorr   .          Rampage  .    (gloves unavailable)
Will    ++...                    (boots unavailable)
Stlth   ++........               (no amulet)
HPRegen 1.18/turn                N - ring of protection from fire
MPRegen 0.13/turn                B - ring of Desmomancy {rN+, Bglg, Self} (curse)

@: mighty, invisible
A: large, unfitting armour, claws 3, regeneration 1, shaggy fur 1, tough skin 1
a: Renounce Religion, Curse Item, Shatter the Chains


You were on level 11 of the Dungeon.
You worshipped Ashenzari.
Ashenzari was aware of your devotion.
You visited 3 branches of the dungeon, and saw 14 of its levels.

You collected 681 gold pieces.
You spent 88 gold pieces at shops.

Inventory:

Hand Weapons
 r - the cursed +7 mace of the Cryptic Sky (weapon) {speed, Str+4 Int+2 Dex+2, Cun, Elem}
   (You found it on level 3 of the Dungeon)

   Attacks with this weapon are significantly faster.
   Str:       It affects your strength (+4).
   Int:       It affects your intelligence (+2).
   Dex:       It affects your dexterity (+2).
   It has a curse which improves the following skills: Cunning: Dodging and
   Stealth.
   Elements:  Fire Magic, Ice Magic, Air Magic and Earth Magic.
Missiles
 x - 17 large rocks
Armour
 s - a +1 robe of willpower (worn)
 A - the +18 shield of the Gong (worn) {rElec rN+ Will+ EV-5}
   (You acquired it on level 10 of the Dungeon)

   It is deafeningly noisy when blocking attacks.
   EV:        It affects your evasion (-5).
   rElec:     It insulates you from electricity.
   rN:        It protects you from negative energy.
   Will:      It increases your willpower.
 L - the +1 gold dragon scales "Noziwob" {Rampage rPois rF+ rC+ Dex+5}
   (You acquired it on level 10 of the Dungeon)

   Dex:       It affects your dexterity (+5).
   rF:        It protects you from fire.
   rC:        It protects you from cold.
   rPois:     It protects you from poison.
   Rampage:   It bestows one free step when moving towards enemies.
Jewellery
 B - the cursed ring of Desmomancy (right claw) {rN+, Bglg, Self}
   (You found it on level 6 of the Dungeon)

   [ring of positive energy]

   rN:        It protects you from negative energy.
   It has a curse which improves the following skills: Beguiling: Conjurations,
   Hexes and Translocations.
   Introspection: Fighting and Spellcasting.
 N - a ring of protection from fire (left claw)
 P - a ring of protection from fire
Wands
 a - a wand of iceblast (21)
 l - a wand of mindburst (4)
 C - a wand of flame (46)
 J - a wand of paralysis (7)
 O - a wand of acid (5)
Scrolls
 d - 9 scrolls of identify
 e - 2 scrolls of magic mapping
 f - 2 scrolls of vulnerability
 h - a scroll of teleportation
 j - a scroll of summoning
 k - 2 scrolls of enchant armour
 o - 4 scrolls of immolation
 y - 2 scrolls of enchant weapon
 F - a scroll of brand weapon
 G - 2 scrolls of blinking
 H - a scroll of silence
 M - a scroll of amnesia
Potions
 b - a potion of magic
 c - 4 potions of curing
 g - a potion of cancellation
 i - 2 potions of degeneration
 m - 2 potions of ambrosia
 n - a potion of flight
 p - a potion of attraction
 q - 3 potions of haste
 t - a potion of lignification
 u - a potion of might
 v - a potion of invisibility
 w - a potion of brilliance
 I - a potion of mutation
Miscellaneous
 K - a lightning rod (4/4)


   Skills:
 + Level 7.6(8.4) Fighting
 + Level 7.9(8.8) Dodging
 - Level 1.0(1.5) Stealth
 * Level 4.4 Shields
 - Level 1.2(1.8) Spellcasting
 - Level 0.6 Transmutations
 * Level 12.2(13.0) Earth Magic


You had 10 spell levels left.
You knew the following spells:

 Your Spells              Type           Power      Damage    Failure   Level
a - Sandblast             Erth           90%        2d19      1%          1
b - Passwall              Tmut/Erth      20%        N/A       4%          2

Your spell library contained the following spells:

 Spells                   Type           Power      Damage    Failure   Level
 Stone Arrow              Conj/Erth      46%        3d9       9%          3
 Petrify                  Tmut/Erth      24%        N/A       26%         4
 Animate Armour           Summ/Erth      46%        N/A       30%         4
 Beastly Appendage        Tmut           6%         N/A       34%         1
 Apportation              Tloc           2%         N/A       41%         1
 Wereblood                Tmut           3%         N/A       47%         2
 Static Discharge         Conj/Air       2%         2-3/arc   54%         2
 Sublimation of Blood     Necr           1%         N/A       56%         2
 Spider Form              Tmut/Pois      2%         N/A       75%         3
 Ignite Poison            Fire/Tmut/Pois 2%         N/A       77%         3
 Kindle Blastsparks       Fire/Tloc/Air  2%         2d10      78%         3
 Vhi's Electric Charge    Tloc/Air       2%         N/A       78%         3
 Alistair's Intoxication  Tmut/Pois      1%         N/A       100%        5
 Arcjolt                  Conj/Air       0%         1d10      100%        5
 Freezing Cloud           Conj/Ice/Air   0%         6-21      100%        5
 Irradiate                Conj/Tmut      1%         3d12      100%        5
 Lightning Bolt           Conj/Air       0%         1d11      100%        5
 Lehudib's Crystal Spear  Conj/Erth      11%        10d4      100%        8


Dungeon Overview and Level Annotations

Branches:
Dungeon (12/15)            Temple (1/1) D:7            Lair (0/5) D:11
    Orc (1/2) D:11

Altars:
Ashenzari
Cheibriados
Elyvilon
Fedhas
Gozag
Hepliaklqana
Kikubaaqudgha
Makhleb
Nemelex Xobeh
Okawaru
Qazlal
Ru
Trog
Uskayaw
Vehumet
Wu Jian
Xom
Yredelemnul

Shops:
D:3 *   D:8 *(


Innate Abilities, Weirdness & Mutations

You are too large for most types of armour.
You have claws for hands.
Your natural rate of healing is unusually fast.
You are covered in fur. (AC +1)
You have tough skin. (AC +1)


Message History

SHROANNG!
You block the bolt.
You sock the ogre!
The ogre is almost dead.
The orc knight shoots a bolt.
GONNNNG!
You block the bolt.
The warg seems to regain its courage.
The orc priest no longer looks unusually strong.
The orc knight unwields a +0 arbalest.
The orc knight wields a +3 halberd.
The orc knight hits you with a +3 halberd!
* * * LOW HITPOINT WARNING * * *
You catch the helpless orc knight completely off-guard!
You sock the orc knight!
The orc knight is almost dead.
The orc knight unwields a +3 halberd.
The orc knight wields a +0 arbalest.
The orc knight shoots a bolt.
You closely miss the orc knight.
The orc knight is almost dead.
You block the ogre's attack.
PANG!
The orc knight unwields a +0 arbalest.
The orc knight wields a +3 halberd.
You block the orc knight's attack.
BONNNG!
You thump the orc knight!
The orc knight is almost dead.
The ogre hits you with a +0 giant spiked club!
* * * LOW HITPOINT WARNING * * *
You hit the orc knight but do no damage.
The orc knight is almost dead.
You block the orc knight's attack.
GONNNNG!
The ogre closely misses you. The warg bites you!
* * * LOW HITPOINT WARNING * * *
You feel better. You block the orc knight's attack.
GONNNNG!
You block the orc priest's attack.
GONNNNG!
The warg bites you!
You die...

....#.......####.^.####...[...♣..
....#.......#....8....###......P.
....#.......#.........#.#........
...##.......#.........#.####..P..
...#........#.........#....#P....
...#.#####.................#....P
...#.#...#......[..........#.....
...'.#...#...8..O>...8.[...#.....
...'.#...'......@o.........#.....
...#.#####.....oh..........#.#..P
####........#.........######.#...
............#.........#......#...
............#.........#......#...
............#....8....#......####
............####...####..........
.................................
#############....................


You could see an orc knight (unable to see you), a warg, an ogre (unable to see
you) and an orc priest (unable to see you).

Vanquished Creatures
  2 two-headed ogres
  2 cyclopes (D:11)
  A deep elf pyromancer (D:12)
  A manticore (D:12)
  A gargoyle (D:11)
  2 trolls (D:12)
  Sigmund (D:2)
  2 shadows
  6 wyverns
  2 wraiths
  15 yaks
  4 vampire mosquitoes (D:12)
  2 steam dragons
  6 water moccasins
  3 orc warriors
  Pargi (D:3)
  An ice beast (D:7)
  A sky beast (D:7)
  2 hornet zombies (D:7)
  An ogre (D:6)
  3 centaurs (D:7)
  A phantom (D:10)
  A necrophage (Temple)
  3 bullfrogs
  A gnoll sergeant (D:8)
  A water moccasin zombie (D:5)
  A troll zombie (D:11)
  13 wights
  9 killer bees (D:9)
  A howler monkey (D:10)
  4 centaur zombies
  A jelly (D:4)
  4 bullfrog zombies
  2 gnoll boudas
  A human zombie (D:5)
  9 orc priests
  3 hounds
  7 iguanas
  Jessica (D:3)
  9 orc wizards
  Natasha (thrice) (D:3)
  2 killer bee zombies (D:7)
  7 ogre zombies (D:11)
  3 mummies (D:5)
  2 howler monkey zombies (D:7)
  10 adders
  12 gnolls
  2 white imps
  An ufetubus (D:6)
  2 worms (D:2)
  4 dart slugs
  32 orcs
  6 ball pythons
  7 bats
  11 endoplasms
  2 giant cockroaches
  10 goblins
  7 hobgoblins
  4 quokkas
  4 frilled lizards
  A goblin zombie (D:11)
  3 hobgoblin zombies (D:11)
  13 kobolds
  4 orc skeletons (D:11)
  17 orc zombies (D:11)
  8 rats
308 creatures vanquished.

Vanquished Creatures (others)
  10 fungi
  20 plants
  A withered plant (D:7)
31 creatures vanquished.

Grand Total: 339 creatures vanquished

Notes
Turn   | Place    | Note
-------+----------+-------------------------------------------
     0 | D:1      | Lanoc the Troll Earth Elementalist began the quest for the
                  | Orb.
     0 | D:1      | Reached XP level 1. HP: 16/16 MP: 1/1
   142 | D:1      | Reached skill level 3 in Earth Magic
   222 | D:1      | Reached XP level 2. HP: 24/24 MP: 2/2
   889 | D:1      | Reached XP level 3. HP: 16/32 MP: 3/3
  1296 | D:2      | Reached skill level 1 in Fighting
  1511 | D:2      | Noticed Sigmund
  1523 | D:2      | Killed Sigmund
  1524 | D:2      | Reached skill level 4 in Earth Magic
  1524 | D:2      | Reached XP level 4. HP: 15/42 MP: 0/4
  1524 | D:2      | Reached XP level 5. HP: 17/49 MP: 0/5
  1645 | D:2      | Learned a level 2 spell: Passwall
  1870 | D:2      | You fall into a shaft and drop 2 floors!
  2077 | D:4      | Reached XP level 6. HP: 57/57 MP: 2/6
  2258 | D:3      | Noticed Natasha
  2273 | D:3      | Killed Natasha
  2274 | D:3      | Reached skill level 5 in Earth Magic
  2348 | D:3      | Noticed Pargi
  2358 | D:3      | Killed Pargi
  2416 | D:3      | Found a stormy altar of Qazlal.
  2421 | D:3      | Noticed Natasha
  2429 | D:3      | Killed Natasha
  2447 | D:3      | Found Macicw's Assorted Antiques.
  2558 | D:3      | Bought a scroll labelled GEYMOPT GEEPN for 34 gold pieces
  2558 | D:3      | Bought a sedimented brown potion for 30 gold pieces
  2679 | D:3      | Noticed Jessica
  2686 | D:3      | Killed Jessica
  2687 | D:3      | Reached XP level 7. HP: 53/66 MP: 2/7
  2713 | D:3      | Noticed Natasha
  2721 | D:3      | Killed Natasha
  2945 | D:3      | Found a shimmering altar of Xom.
  2945 | D:3      | Found an opulent altar of Gozag.
  2965 | D:3      | Identified the +7 mace "Glorpo" {speed, Str+4 Int+2 Dex+2}
  3126 | D:3      | Found a faded altar of an unknown god.
  3149 | D:3      | Prayed at the altar of an unknown god.
  3149 | D:3      | Became a worshipper of Ashenzari the Shackled
  3729 | D:5      | Entered Level 5 of the Dungeon
  3760 | D:5      | Reached * piety under Ashenzari
  3860 | D:5      | Reached skill level 6 in Earth Magic
  4272 | D:5      | Reached XP level 8. HP: 39/75 MP: 6/8
  4641 | D:5      | Identified the +2 robe of Lethargy {Str+2}
  4796 | D:5      | Found a basalt altar of Yredelemnul.
  4808 | D:5      | Reached skill level 7 in Earth Magic
  5524 | D:6      | Found a radiant altar of Vehumet.
  5607 | D:6      | Reached skill level 5 in Dodging
  5851 | D:7      | Reached skill level 8 in Earth Magic
  5885 | D:7      | Reached XP level 9. HP: 76/85 MP: 9/9
  6020 | D:7      | Reached skill level 5 in Fighting
  6127 | D:7      | Reached skill level 9 in Earth Magic
  6239 | D:7      | Reached ** piety under Ashenzari
  6289 | D:7      | Found a staircase to the Ecumenical Temple.
  6303 | Temple   | Entered the Ecumenical Temple
  6355 | D:7      | Found a sacrificial altar of Ru.
  6355 | D:7      | Found a hazy altar of Hepliaklqana.
  6706 | D:8      | Found Adwouter's Assorted Antiques.
  6760 | D:8      | Bought a scroll labelled PAMYPS ZIJYXUJ for 24 gold pieces
  6943 | D:8      | Found Wud Aqiroc's Weapon Shoppe.
  7061 | D:8      | Reached *** piety under Ashenzari
  7156 | D:8      | Found an iron altar of Okawaru.
  7319 | D:9      | Reached XP level 10. HP: 73/102 MP: 8/12
  7414 | D:9      | Reached skill level 10 in Earth Magic
  7593 | D:9      | HP: 4/104 [killer bee (4)]
  7598 | D:9      | HP: 5/104 [poisoned by a killer bee]
  8229 | D:10     | Entered Level 10 of the Dungeon
  8535 | D:10     | Identified a scroll of acquirement
  8548 | D:10     | Acquired the +1 gold dragon scales "Noziwob" {Rampage rPois
                  | rF+ rC+ Dex+5}
  8645 | D:10     | Acquired the +18 shield of the Gong {rElec rN+ Will+ EV-5}
  8645 | D:10     | Found the +18 shield of the Gong {rElec rN+ Will+ EV-5}
  8884 | D:11     | Noticed a cyclops
  8899 | D:11     | Killed a cyclops
  8900 | D:11     | Reached skill level 1 in Shields
  8900 | D:11     | Reached skill level 11 in Earth Magic
  8927 | D:11     | Noticed a cyclops
  8935 | D:11     | Noticed a two-headed ogre
  8936 | D:11     | Killed a cyclops
  8958 | D:11     | Killed a two-headed ogre
  8959 | D:11     | Reached XP level 11. HP: 39/111 MP: 10/13
  9449 | D:11     | Found a staircase to the Lair.
  9517 | D:11     | Found a staircase to the Orcish Mines.
 10274 | D:12     | Noticed a deep elf pyromancer
 10276 | D:12     | Killed a deep elf pyromancer
 10315 | D:12     | Noticed a shining eye
 10320 | D:12     | Noticed a two-headed ogre
 10323 | D:12     | a shining eye changed into a boulder beetle
 10323 | D:12     | Noticed a boulder beetle (shapeshifter)
 10342 | D:12     | Reached skill level 12 in Earth Magic
 10346 | D:12     | Killed a two-headed ogre
 10375 | D:12     | Noticed a deep elf pyromancer
 10448 | D:12     | Noticed a fire giant
 10533 | Orc:1    | Entered Level 1 of the Orcish Mines
 10533 | Orc:1    | Noticed an orc knight
 10576 | D:11     | HP: 1/113 [warg[an orc knight] (11)]
 10577 | D:11     | Slain by a warg

Illustrated notes

Levels and vault maps discovered:
D:1:      minmay_arrival_plants_in_alcoves, layout_basic,
          lexackson_kobold_supper
D:2:      layout_basic, chequers_serial_rivers_micro_b, uniq_sigmund
D:3:      layout_rooms, mainiacjoe_overflow_24_doors,
          mainiacjoe_overflow_large_starburst,
          dreamdust_ecumenical_altar_statues, serial_shops, shop_statue,
          uniq_natasha, uniq_pargi, uniq_jessica
D:4:      layout_loops_ring, serial_aquarium, aquarium_bridge_island_small
          [aquarium_subvault_small_open, aquarium_subvault_bridge,
          aquarium_subvault_wall, aquarium_subvault_wall,
          aquarium_subvault_wall], aquarium_window_corridor_3,
          aquarium_window_2, aquarium_window_2, aquarium_view_2e,
          aquarium_view_2a, aquarium_pool_1
D:5:      layout_layer_cave, lemuel_mausoleum_altar_yredelemnul, st_stairs_8
D:6:      layout_basic, vehumet_altar_wand_db, hangedman_decor_opposing,
          kennysheep_generic_room_11
D:7:      nicolae_whirlpool, layout_rooms, gammafunk_temple_overflow_elements,
          minmay_temple_entry_statues_pillars, serial_undead, serial_undead_e,
          serial_undead_a, serial_undead_a, serial_undead_c, serial_undead_e,
          serial_undead_f, serial_undead_e, serial_undead_e
D:8:      layout_rooms, mainiacjoe_overflow_alcove_2, serial_shops,
          nicolae_diamond_shop, shop
D:9:      layout_loops_ring
D:10:     layout_rooms
D:11:     layout_irregular_city, minmay_lair_entry_grove, zombieorc2_lemuel,
          reono_crystal_passage
D:12:     layout_small_grid, minmay_joined_circles
Temple:   nicolae_temple_two_arcs
Orc:1:    layout_caves

Skill      XL: |  1  2  3  4  5  6  7  8  9 10 11 |
---------------+----------------------------------+-----
Earth Magic    | 3 4 5 6 8 9 11 12 | 12.2
Dodging        | 2 3 4 5 6 7 |  7.9
Fighting       | 2 3 4 5 6 7 |  7.6
Shields        | 1 4 |  4.4
Stealth        | |  1.0
Spellcasting   | |  1.2
Transmutations | |  0.6

Action                   |  1- 3 |  4- 6 |  7- 9 | 10-12 || total
-------------------------+-------+-------+-------+-------++-------
Melee: Unarmed           |   101 |    44 |     8 |       ||   153
       Punch             |     1 |     1 |     6 |       ||     8
       Mace              |       |       |   379 |   226 ||   605
 Cast: Sandblast         |    24 |    44 |    85 |   196 ||   349
Invok: Curse Item        |       |       |     5 |       ||     5
       Shatter the Chain |       |       |     1 |     2 ||     3
  Use: Potion            |       |       |     1 |    10 ||    11
       Scroll            |       |       |       |     6 ||     6
 Stab: Sleeping          |     2 |     1 |     4 |       ||     7
       Distracted        |       |       |     1 |       ||     1
       Invisible         |       |       |       |     1 ||     1
Armor: Robe              |    35 |    23 |   134 |    54 ||   246
Dodge: Dodged            |    55 |    47 |   241 |   121 ||   464
Block: Kite shield       |       |       |       |   276 ||   276

Table legend: (Time is in decaauts)
 A = Elapsed time spent in this place.
 B = Non-inter-level travel time spent in this place.
 C = Inter-level travel time spent in this place.
 D = Time resting spent in this place.
 E = Time spent auto-exploring this place.
 F = Levels seen in this place.
 G = Mean time per level.
                   A        B        C        D        E       F      G
               +--------+--------+--------+--------+--------+-----+--------+
         Total |  10765 |  10418 |    347 |    390 |   7728 |  14 |  768.9 |
       Dungeon |  10564 |  10217 |    347 |    251 |   7728 |  12 |  880.3 |
        Temple |    191 |    191 |      0 |    139 |      0 |   1 |  191.0 |
  Orcish Mines |      9 |      9 |      0 |      0 |      0 |   1 |    9.0 |
               +--------+--------+--------+--------+--------+-----+--------+

Top non-repeatable levels by time:
     D:5: 1659 daAuts
    D:11: 1286 daAuts
     D:1: 1116 daAuts
     D:9: 1013 daAuts
     D:3: 897 daAuts
     D:4: 893 daAuts
     D:2: 869 daAuts
     D:7: 716 daAuts
    D:10: 689 daAuts
     D:8: 512 daAuts
    D:12: 455 daAuts
     D:6: 454 daAuts
  Temple: 191 daAuts
   Orc:1: 9 daAuts
